[Event "Titled Tuesday Blitz March 21 Late 2023"]
[White "Bilan, Danila"]
[Black "Battlecruiser_Operational"]
[WhiteFideId "24161918"]
[WhiteElo "2182"]
[BlackElo "2238"]
[Result "1/2-1/2"]
[Round "04"]
[TimeControl "180+2"]
[Date "2023.03.21"]
[WhiteClock "0:00:05"]
[BlackClock "0:00:04"]

1. d4 Nf6 2. Nf3 e6 3. g3 b6 4. Bg2 Bb7 5. O-O Be7 6. c4 O-O 7. d5 Re8 8. Nc3 Na6 9. e4 d6 10. dxe6 fxe6 11. Nd4 Bf8 12. Re1 e5 13. Nf5 Nc5 14. b4 Ne6 15. Nd5 c6 16. Nxf6+ Qxf6 17. Be3 Rad8 18. Qg4 Kh8 19. Rad1 Bc8 20. Qf3 Ng5 21. Qh5 Nf7 22. Nh4 Be6 23. Rc1 g6 24. Qe2 Bh6 25. Bxh6 Nxh6 26. Red1 Nf7 27. Qe3 Kg7 28. Rd2 Ng5 29. a3 h6 30. c5 bxc5 31. bxc5 d5 32. exd5 cxd5 33. c6 d4 34. Qe2 Nf7 35. Nf3 Bd5 36. Ne1 Bxg2 37. Nxg2 e4 38. c7 Rc8 39. Qb5 d3 40. Nf4 Qe5 41. Qb7 Nd6 42. Qxa7 g5 43. Ng2 Nf5 44. Ne3 Nd4 45. Kg2 Nf3 46. Rdd1 d2 47. Rc2 Re7 48. Qc5 Qxc5 49. Rxc5 Rcxc7 50. Rxc7 Rxc7 51. g4 Rc1 52. a4 Kf6 53. a5 Rxd1 54. Nxd1 Nd4 55. h3 Ke5 56. Kf1 Kd5 57. Nc3+ Ke5 58. a6 Nc6 59. Ke2 Kf4 60. a7 Nxa7 61. Kxd2 Kf3 62. Ke1 Nc6 63. Kf1 Ne5 64. Nb5 Nd3 65. Nd4+ Kf4 66. Kg2 Ke5 67. Nf5 Nf4+ 68. Kg3 h5 69. Ng7 h4+ 70. Kh2 Nd3 71. Kg2 Ne1+ 72. Kf1 Nf3 73. Nf5 Nd4 74. Nh6 Kf4 75. Ng8 e3 76. fxe3+ Kxe3 77. Kg2 Ne6 78. Nh6 Kf4 79. Kf2 Nc5 80. Nf7 Ne4+ 81. Kg2 Ke3 82. Ne5 Kf4 83. Nd3+ Ke3 84. Ne5 Kd4 85. Nf7 Ke3 86. Ne5 1/2-1/2


[Site "https://www.chess.com"]

[Event "Titled Tuesday Blitz March 21 Late 2023"]
[White "Baches Garcia, Guillermo"]
[Black "mestrefeitosa19"]
[WhiteFideId "2209764"]
[WhiteElo "2427"]
[BlackElo "2234"]
[Result "1-0"]
[Round "04"]
[TimeControl "180+2"]
[Date "2023.03.21"]
[WhiteClock "0:01:55"]
[BlackClock "0:02:07"]

1. Nc3 d5 2. d4 Nf6 3. Bf4 e6 4. e3 Be7 5. Nb5 O-O 6. Nxc7 Nc6 7. Nxa8 Bd7 8. Nc7 a6 9. c3 g6 10. Qb3 Bc8 11. Na8 b5 12. Nc7 Nh5 13. Bh6 Re8 14. Nxe8 1-0


[Site "https://www.chess.com"]

[Event "Titled Tuesday Blitz March 21 Late 2023"]
[White "Melikhov, Evgeny V."]
[Black "salgadoLO"]
[WhiteFideId "4122046"]
[WhiteElo "2158"]
[BlackElo "2187"]
[Result "1-0"]
[Round "04"]
[TimeControl "180+2"]
[Date "2023.03.21"]
[WhiteClock "0:00:31"]
[BlackClock "0:00:01"]

1. d4 d5 2. c4 e6 3. Nc3 a6 4. cxd5 exd5 5. Nf3 Nf6 6. Bg5 Be6 7. e3 Nbd7 8. Bd3 h6 9. Bh4 g5 10. Bg3 Nh5 11. Be5 Nhf6 12. O-O Nxe5 13. Nxe5 Bd6 14. f4 gxf4 15. exf4 Qe7 16. Qf3 O-O-O 17. Rae1 Qf8 18. f5 Bd7 19. Nxd5 Nxd5 20. Qxd5 Bxe5 21. Qxe5 Bc6 22. Be4 Re8 23. Qf4 Bxe4 24. Rxe4 Rxe4 25. Qxe4 Qd6 26. Qe5 Rd8 27. Qxd6 Rxd6 28. Rf4 c5 29. dxc5 Rd2 30. b4 Rxa2 31. Rd4 Ra4 32. Rd6 Rxb4 33. Rf6 a5 34. Rxf7 a4 35. Rf8+ Kc7 36. Ra8 Rc4 37. h3 Rxc5 38. g4 b5 39. f6 Kd7 40. f7 1-0


[Site "https://www.chess.com"]

[Event "Titled Tuesday Blitz March 21 Late 2023"]
[White "Rose, Felix"]
[Black "Beulen, Marcel"]
[WhiteFideId "5105722"]
[BlackFideId "1001450"]
[WhiteElo "2039"]
[BlackElo "2403"]
[Result "1/2-1/2"]
[Round "04"]
[TimeControl "180+2"]
[Date "2023.03.21"]
[WhiteClock "0:00:14"]
[BlackClock "0:00:04"]

1. e4 d5 2. exd5 Qxd5 3. Nc3 Qa5 4. d4 Nf6 5. Bd2 Bg4 6. Nf3 c6 7. Bc4 e6 8. h3 Bxf3 9. Qxf3 Nbd7 10. Qg3 Qb6 11. O-O-O O-O-O 12. Be3 Qa5 13. f3 g6 14. Kb1 Nb6 15. Bb3 Be7 16. Ne4 Nbd5 17. Bd2 Qc7 18. Qxc7+ Kxc7 19. c4 Nb6 20. Bc3 Rhe8 21. d5 Nxe4 22. fxe4 exd5 23. cxd5 cxd5 24. exd5 Bd6 25. g4 Re2 26. Rhf1 Rd7 27. a4 Be5 28. d6+ Bxd6 29. a5 Nc8 30. Bxf7 Be5 31. Bc4 Rxd1+ 32. Rxd1 Re3 33. Bb4 Nd6 34. Bxd6+ Bxd6 35. Rd3 Re4 36. b3 g5 37. a6 bxa6 38. Bxa6 h6 39. Bc4 Re5 40. Kc2 Bc5 41. Rd2 Re3 42. Rd3 Rxd3 43. Kxd3 Kd6 44. Ke4 Be3 45. Kf5 a5 46. Kg6 Ke7 47. Kxh6 Kf6 48. Kh5 Bd2 49. Kh6 Be3 50. Kh7 Bd2 51. Kg8 Bb4 52. Kh7 Bd2 53. Kh6 Be3 1/2-1/2


[Site "https://www.chess.com"]

[Event "Titled Tuesday Blitz March 21 Late 2023"]
[White "Lorenzo De La Riva, Lazaro"]
[Black "lluiss"]
[WhiteFideId "2268809"]
[WhiteElo "2294"]
[BlackElo "2171"]
[Result "1-0"]
[Round "04"]
[TimeControl "180+2"]
[Date "2023.03.21"]
[WhiteClock "0:01:28"]
[BlackClock "0:00:11"]

1. b3 d5 2. Bb2 Bf5 3. d3 Nc6 4. Nf3 f6 5. Nbd2 e5 6. e4 dxe4 7. dxe4 Be6 8. Be2 Bc5 9. O-O Nge7 10. a3 a5 11. Bc4 Qd7 12. Qe2 O-O 13. Rfd1 Kh8 14. Nf1 Bxc4 15. Qxc4 Qg4 16. Qxc5 b6 17. Qc4 h5 18. Ne3 Qg6 19. Nh4 Qg5 20. Nhf5 h4 21. h3 Rac8 22. Bc1 Qg6 23. Nxe7 Nxe7 24. Nd5 Nxd5 25. Qxd5 Rfd8 26. Qxd8+ Rxd8 27. Rxd8+ Kh7 28. f3 Qf7 29. Be3 Qe6 30. Rad1 Qe7 31. a4 Qb4 32. R1d2 Qa3 33. Kh2 Qc1 34. Bf2 g5 35. Be3 Qe1 36. Bf2 Qc1 37. R2d7+ 1-0


[Site "https://www.chess.com"]

[Event "Titled Tuesday Blitz March 21 Late 2023"]
[White "Roman, Rodrigo"]
[Black "Chylewski, Patryk"]
[WhiteFideId "3701220"]
[BlackFideId "1186191"]
[WhiteElo "1995"]
[BlackElo "2163"]
[Result "1-0"]
[Round "04"]
[TimeControl "180+2"]
[Date "2023.03.21"]
[WhiteClock "0:01:37"]
[BlackClock "0:01:43"]

1. e4 c5 2. Nf3 e6 3. d4 cxd4 4. Nxd4 Nc6 5. Nc3 Qc7 6. Be3 a6 7. a3 Nf6 8. f4 d6 9. Qf3 Be7 10. O-O-O O-O 11. Nxc6 bxc6 12. g4 e5 13. f5 d5 14. g5 Nxe4 15. Nxe4 dxe4 16. Qxe4 f6 17. g6 hxg6 18. Bc4+ Rf7 19. fxg6 f5 20. Bxf7+ Kf8 21. Qc4 f4 22. Bc5 Bg4 23. Rde1 Rd8 24. Bxe7+ Qxe7 25. Qe4 Qc5 26. Qxe5 Rd1+ 27. Rxd1 Qxe5 28. Rd8+ Ke7 29. Re8+ Kf6 30. Rxe5 Kxe5 31. h4 f3 32. Kd2 f2 33. Ke3 1-0


[Site "https://www.chess.com"]

[Event "Titled Tuesday Blitz March 21 Late 2023"]
[White "Cella, Glaucio Dalla Cortt"]
[Black "monkins"]
[WhiteFideId "2119455"]
[WhiteElo "2011"]
[BlackElo "2244"]
[Result "0-1"]
[Round "04"]
[TimeControl "180+2"]
[Date "2023.03.21"]
[WhiteClock "0:00:03"]
[BlackClock "0:00:13"]

1. e4 c5 2. Nf3 g6 3. c3 d5 4. e5 Nc6 5. d4 Bg4 6. Bb5 Bxf3 7. gxf3 cxd4 8. cxd4 Qb6 9. Nc3 e6 10. Bg5 Be7 11. Bxe7 Nxe7 12. O-O Nf5 13. Bxc6+ bxc6 14. Ne2 Qxb2 15. Qd3 Qb5 16. Qxb5 cxb5 17. Rfb1 Rb8 18. Rb3 Kd7 19. Rab1 a6 20. a4 Rhc8 21. axb5 Rxb5 22. Rxb5 axb5 23. Rxb5 Rc4 24. Rb7+ Ke8 25. Rb8+ Ke7 26. Rb7+ Kf8 27. Kg2 h5 28. Rb8+ Kg7 29. Rb7 g5 30. f4 g4 31. h3 Rc2 32. Ng3 Ne3+ 33. Kg1 gxh3 34. Nxh5+ Kg6 35. Ng3 Ng4 36. f5+ Kg5 37. fxe6 Rc1+ 38. Nf1 h2+ 39. Kg2 Rxf1 40. Kf3 h1=Q+ 41. Ke2 Rxf2+ 42. Kd3 Qd1+ 43. Kc3 Rc2+ 44. Kb4 Qb1+ 45. Ka5 Ra2# 0-1


[Site "https://www.chess.com"]

[Event "Titled Tuesday Blitz March 21 Late 2023"]
[White "Romkachess"]
[Black "Fajdetic, Hrvoje"]
[BlackFideId "14501945"]
[WhiteElo "2508"]
[BlackElo "2185"]
[Result "1-0"]
[Round "04"]
[TimeControl "180+2"]
[Date "2023.03.21"]
[WhiteClock "0:00:07"]
[BlackClock "0:00:09"]

1. e4 e6 2. d4 d5 3. Nc3 dxe4 4. Nxe4 Nd7 5. Nf3 Ngf6 6. Bd3 Nxe4 7. Bxe4 Nf6 8. Bd3 c5 9. c3 cxd4 10. Nxd4 Be7 11. O-O O-O 12. Qe2 h6 13. Bf4 a6 14. Rad1 Qa5 15. Bb1 Qh5 16. Qxh5 Nxh5 17. Be3 Nf6 18. h3 Nd5 19. Bc1 Bf6 20. c4 Nb6 21. b3 Bd7 22. Be3 Nc8 23. Be4 Bxd4 24. Bxd4 Bc6 25. Bxc6 bxc6 26. Bc5 Re8 27. Rd7 Rb8 28. Rfd1 a5 29. Rc7 a4 30. b4 Nb6 31. Bxb6 Rxb6 32. a3 c5 33. Rxc5 Rb7 34. Ra5 Rc8 35. c5 e5 36. Rxa4 Re8 37. Ra6 e4 38. c6 Rc7 39. b5 Rec8 40. Rc1 f5 41. a4 f4 42. Kf1 g5 43. a5 e3 44. fxe3 fxe3 45. Ke2 Re7 46. b6 Rf8 47. Rf1 Rf2+ 48. Rxf2 exf2+ 49. Kxf2 Kf7 50. Ra7 1-0


[Site "https://www.chess.com"]

[Event "Titled Tuesday Blitz March 21 Late 2023"]
[White "Albuquerque Junior,Wellington S."]
[Black "Vaglio Munoz, Jaime"]
[WhiteFideId "2151480"]
[BlackFideId "6500145"]
[WhiteElo "2109"]
[BlackElo "2199"]
[Result "1-0"]
[Round "04"]
[TimeControl "180+2"]
[Date "2023.03.21"]
[WhiteClock "0:00:14"]
[BlackClock "0:00:05"]

1. c4 c6 2. Nf3 b5 3. b3 d5 4. g3 Bf5 5. Bg2 e6 6. O-O Qf6 7. d4 h6 8. Nc3 b4 9. Na4 Nd7 10. Bb2 g5 11. Ne5 Nxe5 12. dxe5 Qg6 13. Rc1 Ne7 14. cxd5 exd5 15. Qd4 a5 16. a3 bxa3 17. Bxa3 Be6 18. Bb2 Bg7 19. Qc5 Bg4 20. Rfe1 Qe6 21. e4 d4 22. Qxd4 O-O 23. Qd6 Rfd8 24. Qxe6 Bxe6 25. Nc5 Rd2 26. Bc3 Rdd8 27. f4 gxf4 28. gxf4 Bg4 29. h3 Bc8 30. f5 f6 31. e6 Bf8 32. Bxf6 Re8 33. Nd3 Ba6 34. Ne5 Bb5 35. Rc3 a4 36. Rg3+ Kh7 37. bxa4 Rxa4 38. Nd7 1-0


[Site "https://www.chess.com"]

[Event "Titled Tuesday Blitz March 21 Late 2023"]
[White "2good4u734"]
[Black "Kokoszczynski, Jan"]
[BlackFideId "1174460"]
[WhiteElo "2222"]
[BlackElo "2139"]
[Result "0-1"]
[Round "04"]
[TimeControl "180+2"]
[Date "2023.03.21"]
[WhiteClock "0:00:02"]
[BlackClock "0:00:20"]

1. g3 Nf6 2. Bg2 g6 3. Nf3 Bg7 4. O-O O-O 5. d3 b6 6. c4 Bb7 7. Nc3 c5 8. e4 d6 9. d4 cxd4 10. Nxd4 Nbd7 11. Be3 Qc8 12. b3 a6 13. Rc1 e6 14. h3 Qc7 15. Qc2 Rac8 16. Rfd1 Rfd8 17. Rd2 Qb8 18. Rcd1 Qa8 19. Nde2 b5 20. Rxd6 bxc4 21. Bg5 cxb3 22. Qxb3 Nc5 23. Qb6 Rxd6 24. Rxd6 Nfxe4 25. Nxe4 Nxe4 26. Be3 Nxd6 27. Bxb7 Nxb7 0-1


[Site "https://www.chess.com"]

[Event "Titled Tuesday Blitz March 21 Late 2023"]
[White "Fernandez Hernandez, Gerardo"]
[Black "reevecanada"]
[WhiteFideId "2207400"]
[WhiteElo "2219"]
[BlackElo "2456"]
[Result "0-1"]
[Round "04"]
[TimeControl "180+2"]
[Date "2023.03.21"]
[WhiteClock "0:00:01"]
[BlackClock "0:00:59"]

1. e4 c5 2. d3 d6 3. g3 h5 4. h3 h4 5. g4 e5 6. Bg2 Ne7 7. Ne2 f6 8. O-O g5 9. c3 Ng6 10. d4 Be7 11. dxc5 dxc5 12. Qxd8+ Bxd8 13. Be3 b6 14. Rd1 Be6 15. Nd2 Bc7 16. f3 Nc6 17. Bf1 Ke7 18. Nc1 Nf4 19. Bxf4 exf4 20. Bc4 Ne5 21. Bxe6 Kxe6 22. Kf2 Rhd8 23. Ke2 b5 24. Ncb3 Bb6 25. Nf1 a5 26. a4 Rxd1 27. Rxd1 bxa4 28. Nbd2 Rd8 29. Nh2 c4 30. Ra1 Be3 31. Ndf1 Rb8 32. Nxe3 Rxb2+ 33. Kf1 fxe3 34. Kg1 Nd3 0-1


[Site "https://www.chess.com"]

[Event "Titled Tuesday Blitz March 21 Late 2023"]
[White "Dylag, Emilia"]
[Black "Cyfka, Karina"]
[WhiteFideId "21805172"]
[BlackFideId "1122681"]
[WhiteElo "1878"]
[BlackElo "2241"]
[Result "0-1"]
[Round "04"]
[TimeControl "180+2"]
[Date "2023.03.21"]
[WhiteClock "0:01:40"]
[BlackClock "0:01:20"]

1. b3 e5 2. Bb2 Nc6 3. e3 Nf6 4. d4 exd4 5. exd4 d5 6. Nf3 Bd6 7. Be2 O-O 8. O-O Bf5 9. Nbd2 Ne7 10. Ne5 Ng6 11. c4 Nf4 12. c5 Bxe5 13. dxe5 Nd7 14. Bg4 Qg5 15. Bf3 Bd3 16. Re1 Nh3+ 17. Kh1 Nxf2+ 18. Kg1 Nxd1 19. Raxd1 Nxc5 20. Bxd5 Rad8 21. Nf3 Qg4 22. h3 Qg3 0-1


[Site "https://www.chess.com"]

[Event "Titled Tuesday Blitz March 21 Late 2023"]
[White "Tymrakiewicz, Rafal"]
[Black "Ardila, Oscar Humberto"]
[WhiteFideId "1108832"]
[BlackFideId "4404742"]
[WhiteElo "2151"]
[BlackElo "1911"]
[Result "0-1"]
[Round "04"]
[TimeControl "180+2"]
[Date "2023.03.21"]
[WhiteClock "0:00:10"]
[BlackClock "0:00:15"]

1. e4 e5 2. Nf3 Nf6 3. d4 Nxe4 4. dxe5 d5 5. h3 Bc5 6. Nd4 Nc6 7. Be3 O-O 8. Nxc6 bxc6 9. Bxc5 Nxc5 10. Nd2 Rb8 11. Nf3 Ne4 12. Bd3 f5 13. O-O Rxb2 14. Qc1 Rb6 15. Qa3 a6 16. Rab1 c5 17. c4 d4 18. Rb3 Be6 19. Rfb1 Qb8 20. Rxb6 cxb6 21. Qxa6 Qc7 22. Rxb6 Bc8 23. Qb5 Bd7 24. Qa6 Bc8 25. Qa5 h6 26. Rb5 Qe7 27. Qb6 Bd7 28. Ra5 Qd8 29. Qxd8 Rxd8 30. Ra7 Be6 31. Ra3 Rb8 32. Rb3 Ra8 33. a3 Kh7 34. h4 Bf7 35. g3 Bh5 36. Kg2 Bxf3+ 37. Kf1 Nd2+ 38. Kg1 Nxb3 39. Kh2 Be4 0-1


[Site "https://www.chess.com"]

[Event "Titled Tuesday Blitz March 21 Late 2023"]
[White "Rottenwohrer Suarez, Juan"]
[Black "Barria Santos, Jose Guilherme"]
[WhiteFideId "32068182"]
[BlackFideId "1939300"]
[WhiteElo "2174"]
[BlackElo "2301"]
[Result "1-0"]
[Round "04"]
[TimeControl "180+2"]
[Date "2023.03.21"]
[WhiteClock "0:00:26"]
[BlackClock "0:00:05"]

1. e4 c6 2. d4 d5 3. Nd2 dxe4 4. Nxe4 Nd7 5. Nf3 Ngf6 6. Ng3 g6 7. Bc4 Bg7 8. O-O O-O 9. Re1 Nb6 10. Bb3 Bg4 11. c3 e6 12. h3 Bxf3 13. Qxf3 Nbd5 14. a4 h6 15. a5 a6 16. Bd2 Qc7 17. c4 Ne7 18. Bc3 Nf5 19. Nxf5 exf5 20. g4 fxg4 21. hxg4 Nh7 22. Kg2 Ng5 23. Qg3 Qxg3+ 24. Kxg3 Rae8 25. Bc2 Re6 26. f4 Rxe1 27. Rxe1 Ne6 28. Rd1 Re8 29. f5 gxf5 30. Bxf5 Ng5 31. d5 Bxc3 32. bxc3 Re3+ 33. Kf4 Rxc3 34. Bd3 cxd5 35. cxd5 Ra3 36. Ke5 Kf8 37. Bf5 Rxa5 38. Rb1 b5 39. d6 b4+ 40. Kf6 Rb5 41. d7 Rd5 42. Rxb4 Rd6+ 43. Ke5 Rxd7 44. Bxd7 Ke7 45. Bf5 f6+ 46. Kd5 Nf3 47. Rb7+ Kd8 48. Kd6 Ne5 49. Rb8# 1-0


[Site "https://www.chess.com"]

[Event "Titled Tuesday Blitz March 21 Late 2023"]
[White "Meunier-Pion, Jean"]
[Black "Khatena, Moshe"]
[WhiteFideId "20685327"]
[BlackFideId "2010461"]
[WhiteElo "2124"]
[BlackElo "2212"]
[Result "1-0"]
[Round "04"]
[TimeControl "180+2"]
[Date "2023.03.21"]
[WhiteClock "0:00:08"]
[BlackClock "0:00:22"]

1. e4 Nf6 2. e5 Nd5 3. d4 d6 4. Nf3 g6 5. Bc4 Nb6 6. Bb3 Bg7 7. e6 Bxe6 8. Bxe6 fxe6 9. h4 O-O 10. h5 Nc6 11. hxg6 hxg6 12. Qd3 Qe8 13. c3 Nd5 14. Ng5 Rf5 15. Qh3 Rxg5 16. Bxg5 Qf7 17. Nd2 Nf6 18. O-O-O e5 19. Bxf6 exf6 20. Qh7+ Kf8 21. dxe5 Nxe5 22. Kb1 Ke7 23. Qh3 Re8 24. f4 Nc6 25. Rde1+ Kd8 26. Re3 Rxe3 27. Qxe3 Qe7 28. Qxe7+ Kxe7 29. g4 f5 30. gxf5 gxf5 31. Nf1 Kf6 32. Ne3 Ne7 33. Kc2 c6 34. Kd3 d5 35. Rh5 Kg6 36. Rg5+ Kf6 37. Rh5 Kg6 38. Rh2 Bh6 39. Rg2+ Kf6 40. Rf2 c5 41. b3 b6 42. a4 a6 43. Ke2 d4 44. cxd4 cxd4 45. Nc4 b5 46. axb5 axb5 47. Na3 Nd5 48. Nxb5 Nxf4+ 49. Kd1 Ne6 50. Rh2 Be3 51. Ra2 Ke5 52. Na3 f4 53. Nc4+ Ke4 54. Nd6+ Kd3 55. b4 f3 56. Ra3# 1-0


[Site "https://www.chess.com"]

[Event "Titled Tuesday Blitz March 21 Late 2023"]
[White "Sabar, Ethmane Daouda"]
[Black "crosky"]
[WhiteFideId "19600097"]
[WhiteElo "1950"]
[BlackElo "2336"]
[Result "1-0"]
[Round "04"]
[TimeControl "180+2"]
[Date "2023.03.21"]
[WhiteClock "0:00:39"]
[BlackClock "0:00:46"]

1. e4 c6 2. d3 d5 3. Nd2 e5 4. Ngf3 Bd6 5. Be2 Nf6 6. O-O O-O 7. c3 Re8 8. b4 a5 9. bxa5 Qxa5 10. Bb2 Nbd7 11. Qc2 Nc5 12. exd5 Nxd5 13. Nb3 Qc7 14. Nxc5 Bxc5 15. d4 exd4 16. cxd4 Bd6 17. a3 Nf4 18. Bc4 Bg4 19. Ne5 Be6 20. g3 Bxc4 21. Nxc4 Nd5 22. Rfe1 h5 23. Ne5 h4 24. Qf5 Qc8 25. Qxf7+ Kh7 26. Qg6+ Kg8 27. Qxd6 Ne3 28. fxe3 Rxa3 29. Rxa3 Rxe5 30. Qxe5 Qe6 31. Qxe6+ 1-0


[Site "https://www.chess.com"]

[Event "Titled Tuesday Blitz March 21 Late 2023"]
[White "lisjakzlatko1"]
[Black "Kostiukov, Alexandr"]
[BlackFideId "14108100"]
[WhiteElo "2183"]
[BlackElo "2202"]
[Result "0-1"]
[Round "04"]
[TimeControl "180+2"]
[Date "2023.03.21"]
[WhiteClock "0:00:12"]
[BlackClock "0:00:15"]

1. e4 c5 2. b4 cxb4 3. Bb2 Nf6 4. e5 Nd5 5. a3 bxa3 6. Nxa3 e6 7. Qg4 Qb6 8. Nc4 Qc7 9. Nd6+ Bxd6 10. exd6 Qxc2 11. Qxg7 Rf8 12. Rc1 Qe4+ 13. Be2 Nc6 14. Nf3 Nf4 15. Kf1 Qxe2+ 16. Kg1 Nd3 17. Rf1 Nxb2 18. h4 Nd3 19. h5 Qe4 20. Rh4 Qf5 21. Ng5 Qe5 22. Qh6 Rh8 23. Re4 Qxd6 24. Qg7 Qf8 25. Qf6 Ne7 26. h6 Nc5 27. Rc4 b6 28. d4 Ba6 29. dxc5 Bxc4 30. Rc1 b5 31. Ne4 Nd5 32. Qe5 Rg8 33. Nd6+ Kd8 34. Qh5 Rg6 35. g3 Qxh6 36. Qd1 e5 37. Nxc4 bxc4 38. Rxc4 Rb6 39. cxb6 axb6 40. Rc1 Nf6 41. Rb1 Rb8 42. Qf3 Rc8 43. Rd1 e4 44. Qf4 Qxf4 45. gxf4 b5 46. Rb1 Rb8 47. Kg2 b4 48. Rb3 d5 49. f5 Kd7 50. Kg3 Kd6 51. Kf4 Kc5 52. Ke5 Nd7+ 53. Kf4 Rb7 54. Kg5 Kc4 55. Kf4 Kxb3 56. Ke3 Kc4 57. Kd2 b3 58. Ke3 d4+ 59. Kf4 b2 60. Kxe4 b1=Q+ 61. Kf4 d3 62. f3 d2 63. Kg5 d1=Q 64. Kf4 Qd2+ 65. Kg3 Rb6 0-1


[Site "https://www.chess.com"]

[Event "Titled Tuesday Blitz March 21 Late 2023"]
[White "Jimenez Fernandez, Rebeca"]
[Black "Vifleemskaia, Svetlana"]
[WhiteFideId "32070934"]
[BlackFideId "4129490"]
[WhiteElo "2008"]
[BlackElo "1930"]
[Result "1-0"]
[Round "04"]
[TimeControl "180+2"]
[Date "2023.03.21"]
[WhiteClock "0:00:25"]
[BlackClock "0:00:02"]

1. e4 e5 2. d4 exd4 3. Qxd4 Nc6 4. Qe3 Nf6 5. Nc3 h5 6. Bd2 Ng4 7. Qg3 Bc5 8. Nh3 d6 9. O-O-O Be6 10. f4 h4 11. Qe1 g6 12. f5 Bd7 13. fxg6 Qf6 14. Nd5 Qxg6 15. Nxc7+ Ke7 16. Nf4 Qg7 17. Nfd5+ Kd8 18. Bc3 f6 19. Nxa8 Bb6 20. Naxb6 axb6 21. h3 Nge5 22. Nxb6 Kc7 23. Nxd7 Kxd7 24. Qd2 Qe7 25. Bb5 1-0


[Site "https://www.chess.com"]

[Event "Titled Tuesday Blitz March 21 Late 2023"]
[White "Smith, Garrett L"]
[Black "Hartikainen, Jarmo"]
[WhiteFideId "2024829"]
[BlackFideId "503134"]
[WhiteElo "2303"]
[BlackElo "2169"]
[Result "1-0"]
[Round "04"]
[TimeControl "180+2"]
[Date "2023.03.21"]
[WhiteClock "0:00:18"]
[BlackClock "0:00:01"]

1. e4 c5 2. a3 g6 3. b4 Bg7 4. Nc3 cxb4 5. axb4 d6 6. Nf3 Nf6 7. d4 O-O 8. Be2 Nc6 9. b5 Na5 10. O-O b6 11. Ba3 Bb7 12. Bd3 Rc8 13. Bb4 Qc7 14. Re1 Nc4 15. Rxa7 Ra8 16. Rxa8 Rxa8 17. Qe2 Nb2 18. e5 dxe5 19. dxe5 Ng4 20. h3 Nxd3 21. cxd3 Nh6 22. d4 Rd8 23. Rd1 Nf5 24. d5 h6 25. g4 Nh4 26. Nxh4 Qxe5 27. Qxe5 Bxe5 28. Nf3 Bd6 29. Bxd6 Rxd6 30. Kf1 Kg7 31. Ke2 h5 32. gxh5 gxh5 33. Ke3 Bc8 34. Kd4 Bxh3 35. Ne4 Rd8 36. Ne5 e6 37. d6 Bf5 38. Nc4 Bxe4 39. Kxe4 f6 40. d7 Kf7 41. Nxb6 Ke7 42. Nc4 Rxd7 43. Rxd7+ Kxd7 44. b6 Kc6 45. Kf4 Kb7 46. Kg3 1-0


[Site "https://www.chess.com"]

[Event "Titled Tuesday Blitz March 21 Late 2023"]
[White "Hon, Eric"]
[Black "Shtompel, Yuriy"]
[WhiteFideId "2097117"]
[BlackFideId "14168278"]
[WhiteElo "1918"]
[BlackElo "1844"]
[Result "1-0"]
[Round "04"]
[TimeControl "180+2"]
[Date "2023.03.21"]
[WhiteClock "0:00:46"]
[BlackClock "0:00:05"]

1. e4 c5 2. Nf3 d6 3. d4 cxd4 4. Nxd4 Nf6 5. Nc3 a6 6. h3 e5 7. Nde2 h5 8. Bg5 Be6 9. Bxf6 Qxf6 10. Nd5 Qd8 11. Nec3 Nc6 12. Bc4 Rc8 13. Qe2 g6 14. O-O Bg7 15. a4 O-O 16. a5 Nd4 17. Qd3 Kh8 18. Ne2 Nc6 19. Nb6 Nb4 20. Qb3 Rxc4 21. Nxc4 Qc7 22. Qxb4 Bxc4 23. Rfe1 Rc8 24. Nc3 Bf8 25. Nd5 Bxd5 26. exd5 f5 27. c3 Bh6 28. g3 f4 29. Qe4 Qf7 30. Ra4 Rf8 31. g4 hxg4 32. hxg4 Bg5 33. Rc4 Kg7 34. Qf3 Rh8 35. Kf1 Rh2 36. Ke2 Qd7 37. Rb4 Bh4 38. Rf1 Kf7 39. Kd1 Kg7 40. Kc1 Bg5 41. Kb1 Bh4 42. Ka2 Bd8 43. Ka3 Bxa5 44. Rb3 b5 45. Rh1 Rxh1 46. Qxh1 Bb6 47. Qh4 Bc5+ 48. Ka2 Qc7 49. Kb1 Qa7 50. Qd8 e4 51. g5 e3 52. Qf6+ Kh7 53. Qxf4 exf2 54. c4 Qd7 55. Rf3 Bd4 56. Qh4+ Kg7 57. Qh6+ 1-0


[Site "https://www.chess.com"]

[Event "Titled Tuesday Blitz March 21 Late 2023"]
[White "Winkels, Marcel"]
[Black "Prieto Aranguren, Alain"]
[WhiteFideId "1003887"]
[BlackFideId "2268906"]
[WhiteElo "1900"]
[BlackElo "2209"]
[Result "0-1"]
[Round "04"]
[TimeControl "180+2"]
[Date "2023.03.21"]
[WhiteClock "0:00:03"]
[BlackClock "0:00:09"]

1. e4 a5 2. Nf3 c5 3. Bc4 Nc6 4. O-O e5 5. c3 d6 6. d4 Bg4 7. h3 Bxf3 8. Qxf3 Qf6 9. Qxf6 Nxf6 10. dxe5 Nxe5 11. Bd5 Nxd5 12. exd5 Nd3 13. Bg5 Nxb2 14. Re1+ Kd7 15. Nd2 Na4 16. Rab1 Kc7 17. c4 h6 18. Bh4 g5 19. Bg3 f5 20. f4 Bg7 21. Re6 Bd4+ 22. Kh2 Rae8 23. Rbe1 Rxe6 24. Rxe6 gxf4 25. Bxf4 Rd8 26. Nb3 Nb6 27. Nxa5 Bc3 28. Nb3 Nxc4 29. Nxc5 Be5 30. Bxe5 dxe5 31. Re7+ Kd6 32. Rxb7 Kxc5 33. Rh7 Kxd5 34. Rxh6 e4 35. Rh5 Ke5 36. g4 Rf8 37. g5 e3 38. Rh7 Ke4 39. Re7+ Ne5 40. Kg2 f4 41. g6 f3+ 42. Kf1 Rb8 43. Kg1 e2 44. Kf2 Rb1 45. Rxe5+ Kxe5 46. g7 e1=Q+ 47. Kxf3 Qf1+ 48. Ke3 Re1+ 49. Kd2 Qf2+ 50. Kc3 Re3+ 51. Kb4 Qf4+ 52. Kc5 Rg3 53. h4 Rxg7 54. h5 Qd4+ 55. Kc6 Qd5+ 56. Kb6 Rd7 57. h6 Rd6+ 58. Kc7 Qc5+ 59. Kb7 Rb6+ 0-1


[Site "https://www.chess.com"]

[Event "Titled Tuesday Blitz March 21 Late 2023"]
[White "Jimenez, Joaquin"]
[Black "Marcolino, Daniel Mattos"]
[WhiteFideId "109860"]
[BlackFideId "2106841"]
[WhiteElo "2163"]
[BlackElo "2109"]
[Result "1-0"]
[Round "04"]
[TimeControl "180+2"]
[Date "2023.03.21"]
[WhiteClock "0:00:17"]
[BlackClock "0:00:06"]

1. e4 c6 2. d4 d5 3. Nd2 dxe4 4. Nxe4 Nd7 5. Bd3 Ngf6 6. Ng5 e6 7. Qe2 Bd6 8. N1f3 h6 9. Ne4 Nxe4 10. Qxe4 Qc7 11. Qg4 Kf8 12. O-O b6 13. b3 Bb7 14. Bb2 Nf6 15. Qh4 Nd5 16. Ne5 c5 17. Nc4 Be7 18. Qg4 Bf6 19. Rad1 Nb4 20. dxc5 Bxb2 21. cxb6 axb6 22. Nxb2 Nxd3 23. Nxd3 Rxa2 24. c4 Ra5 25. Qd4 Rg5 26. f3 h5 27. Qf4 Qxf4 28. Nxf4 Ke7 29. Rd2 Rd8 30. Rxd8 Kxd8 31. Kf2 h4 32. Ra1 Ra5 33. Rxa5 bxa5 34. Nh5 g5 35. Nf6 Ke7 36. Ng4 Kd6 37. Ke3 Kc5 38. Kd2 Kb4 39. Kc2 h3 40. gxh3 Bxf3 41. Ne5 Be4+ 42. Kb2 f6 43. Nd7 f5 44. Ne5 f4 45. Ng4 Bf3 46. Nf2 e5 47. Nd3# 1-0


[Site "https://www.chess.com"]

[Event "Titled Tuesday Blitz March 21 Late 2023"]
[White "Einarsson, Halldor Gretar"]
[Black "Manu_ChessExcelsior"]
[WhiteFideId "2300150"]
[WhiteElo "2142"]
[BlackElo "2038"]
[Result "0-1"]
[Round "04"]
[TimeControl "180+2"]
[Date "2023.03.21"]
[WhiteClock "0:00:49"]
[BlackClock "0:00:18"]

1. d4 d5 2. Nf3 e6 3. g3 Nf6 4. c4 Be7 5. Bg2 O-O 6. O-O dxc4 7. Ne5 Nc6 8. Nxc6 bxc6 9. Na3 Rb8 10. Nxc4 c5 11. Ne5 Bb7 12. Bxb7 Rxb7 13. Nc6 Qd7 14. Nxe7+ Qxe7 15. dxc5 Qxc5 16. Be3 Qh5 17. f3 Rxb2 18. Bxa7 c5 19. Qd3 Ra8 20. Rfb1 Qe5 21. f4 Rxb1+ 22. Rxb1 Qc7 23. Qa6 Rxa7 0-1


[Site "https://www.chess.com"]

[Event "Titled Tuesday Blitz March 21 Late 2023"]
[White "Skaric, Djuro"]
[Black "Vargas Pereda, Jesus Manue"]
[WhiteFideId "934569"]
[BlackFideId "5115710"]
[WhiteElo "2282"]
[BlackElo "1914"]
[Result "1-0"]
[Round "04"]
[TimeControl "180+2"]
[Date "2023.03.21"]
[WhiteClock "0:02:04"]
[BlackClock "0:00:52"]

1. g3 d5 2. Bg2 e6 3. d3 Nf6 4. Nf3 Be7 5. O-O O-O 6. Nc3 b6 7. e4 Bb7 8. h3 c5 9. g4 Nc6 10. e5 Nd7 11. Re1 Qc7 12. Bf4 f6 13. Nb5 Qb8 14. exf6 Qxf4 15. fxe7 Nxe7 16. d4 a6 17. Rxe6 Ng6 18. Nd6 Bc8 19. Nxc8 Raxc8 20. dxc5 Nxc5 21. Rxb6 Rcd8 22. Qd4 Ne4 23. Rf1 Kh8 24. Rb7 Rc8 25. Qxg7# 1-0


[Site "https://www.chess.com"]